AoeStats
← LL_CooL_J

Arena

510749726Analyzed
3v3 RM · 13h ago on Oct 2, 2026· 35m 7s· 6 players
Game mode
Random Map
Map size
Normal (6 player)
Population
200
Speed
Normal
Resources
Standard
Victory
Conquest
Starting age
Dark Age
Ending age
Imperial Age
RankedLock teamsTeams togetherTeam positionsShared explorationLock speedFull tech treeHidden civsTurbo modeCheats
Victory
Defeat
🇷🇺 Japanese · Russia
1177
+14
🇷🇺 Cumans · Russia
1130
+16
🇷🇺 Turks · Russia
1056
+20
🇯🇵 Spanish · Japan
1163
-18
🇨🇳 Jurchens · China
1139
-17
🇰🇬 Turks · Kyrgyzstan
1103
-15
metal91.11
11:32 Feudal Age
16:02 Castle Age
14:57 Double-Bit Axe
14:59 Horse Collar
16:55 Padded Archer Armor
18:00 Bow Saw
21:34 Gold Mining
25:34 Leather Archer Armor
26:35 Heavy Plow
Deadmorozzzz
9:27 Feudal Age
10:16 Double-Bit Axe
10:24 Horse Collar
20:32 Castle Age
20:54 Wheelbarrow
20:29 Scale Barding Armor
21:14 Forging
21:00 Gold Mining
21:15 Heavy Plow
21:28 Bow Saw
22:02 Bloodlines
22:15 Chain Barding Armor
24:42 Hand Cart
24:55 Capped Ram
29:51 Iron Casting
vladislav.kutcher
10:12 Feudal Age
13:29 Castle Age
11:39 Double-Bit Axe
12:10 Horse Collar
17:50 Bow Saw
17:54 Gold Mining
20:04 Gold Shaft Mining
22:12 Scale Mail Armor
24:52 Forging
29:55 Wheelbarrow
31:02 Chain Mail Armor
31:23 Iron Casting
33:22 Squires
LL_CooL_J
11:27 Feudal Age
12:56 Loom
13:12 Double-Bit Axe
15:45 Castle Age
13:50 Horse Collar
23:58 Wheelbarrow
23:11 Town Watch
27:36 Imperial Age
25:28 Bow Saw
25:12 Gold Mining
2204528
10:09 Feudal Age
13:19 Loom
17:43 Castle Age
17:58 Stone Mining
17:56 Double-Bit Axe
19:33 Bloodlines
19:23 Husbandry
20:13 Bow Saw
19:53 Horse Collar
27:51 Heavy Plow
27:55 Gold Mining
SAKA
10:03 Feudal Age
14:30 Castle Age
13:04 Double-Bit Axe
15:26 Horse Collar
17:02 Loom
28:15 Imperial Age
25:58 Heavy Plow
26:10 Bow Saw
27:10 Pikeman
28:36 Wheelbarrow
29:51 Scale Mail Armor
29:59 Scale Barding Armor
32:36 Stone Mining
32:40 Gold Mining
Connection lost

Rejoining the realm…

Still unreachable

The connection could not be restored.

Session expired

The server has moved on; the page needs a fresh start.